 Dungeon Crawl Stone Soup version 0.30-a0-50-gb2d611f6b1 (webtiles) character file.

Game seed: 4749428129405090150

317 gruber the Reanimator (level 6, -1/32 HPs)
             Began as a Deep Elf Necromancer on Sept 4, 2022.
             Slain by an ogre
             ... wielding a +0 giant club
              (21 damage)
             ... on level 4 of the Dungeon.
             The game lasted 00:01:38 (2691 turns).

gruber the Reanimator (Deep Elf Necromancer)        Turns: 2691, Time: 00:01:39

Health: -1/32      AC:  3    Str:  5    XL:     6   Next: 20%
Magic:  0/16       EV: 12    Int: 22    God:
Gold:   118        SH:  0    Dex: 15    Spells: 14/15 levels left

rFire   . . .      SeeInvis .    (no weapon)
rCold   . . .      Faith    .    (no shield)
rNeg    . . .      Spirit   +    a - +0 robe
rPois   +          Reflect  .    l - +0 helmet
rElec   .          Harm     .    (no cloak)
rCorr   .          Rampage  .    (no gloves)
Will    .....                    (no boots)
Stlth   ++........               c - amulet of guardian spirit
HPRegen 0.10/turn                f - ring of poison resistance
MPRegen 0.15/turn                (no ring)

@: no status effects
A: no striking features
a: no special abilities


You were on level 4 of the Dungeon.
You visited 1 branch of the dungeon, and saw 4 of its levels.

You collected 118 gold pieces.

Inventory:

Armour
 a - a +0 robe (worn)
 l - a +0 helmet (worn)
Jewellery
 c - an amulet of guardian spirit (around neck)
 f - a ring of poison resistance (left hand)
 m - a +4 ring of evasion
 n - an amulet of regeneration
Scrolls
 e - 3 scrolls of identify {unknown}
 h - 3 scrolls of teleportation {unknown}
 p - a scroll of brand weapon {unknown}
Potions
 b - a potion of magic
 d - 3 potions of lignification {unknown}
 g - a potion of flight {unknown}
 i - a potion of degeneration {unknown}
 j - a potion of heal wounds {unknown}
 k - 2 potions of resistance {unknown}
 o - a potion of brilliance {unknown}
 q - a potion of curing {unknown}


   Skills:
 - Level 2.4 Dodging
 - Level 2.4 Stealth
 + Level 5.4 Spellcasting
 * Level 8.0 Necromancy


You had 14 spell levels left.
You knew the following spells:

 Your Spells              Type           Power      Damage    Failure   Level
a - Necrotise             Necr           100%       1d9       1%          1

Your spell library contained the following spells:

 Spells                   Type           Power      Damage    Failure   Level
 Vampiric Draining        Necr           41%        2d8       1%          3
 Animate Dead             Necr           41%        N/A       3%          4
 Agony                    Necr           41%        N/A       10%         5


Dungeon Overview and Level Annotations

Branches:
Dungeon (4/15)
 Temple: D:4-7

Altars:

Shops:
D:1 (   D:3 [


Message History

Your jackal skeleton crumbles into dust!
You swap places.
Your jackal skeleton crumbles into dust!
Found a falchion.
You enter the shallow water.
Moving in this stuff is going to be slow.
A ball python comes into view.
A ball python is nearby!
A ball python is nearby!
The ball python writhes in agony!
You kill the ball python!
You can't see any susceptible monsters within range! (Use Z to cast anyway.)
You can't see any susceptible monsters within range! (Use Z to cast anyway.)
You can't see any susceptible monsters within range! (Use Z to cast anyway.)
You enter the shallow water.
Moving in this stuff is going to be slow.
You now have 118 gold pieces (gained 6).
Found a stone staircase leading down.
You can't see any susceptible monsters within range! (Use Z to cast anyway.)
d - 3 fuming yellow potions (gained 2)
Your ball python skeleton crumbles into dust!
k - 2 viscous pink potions (gained 1)
An ogre comes into view. It is wielding a +0 giant club.
Found a murky yellow potion.
The ogre shouts!
You can't see any susceptible monsters within range! (Use Z to cast anyway.)
An ogre is nearby!
You can't see any susceptible monsters within range! (Use Z to cast anyway.)
An ogre is nearby!
You can't see any susceptible monsters within range! (Use Z to cast anyway.)
The ogre writhes in agony.
The ogre writhes in agony.
The ogre barely resists.
The ogre barely resists.
The ogre barely misses you.
The ogre writhes in agony.
The ogre writhes in agony.
The ogre hits you with a +0 giant club!
The ogre writhes in agony.
The ogre hits you with a +0 giant club!!
Ouch! That really hurt!
You die...

#####.###.#
#......##.#
#.###..##.# #.#
#..##.# #.###..##.#
#.#....##.#
#.#.#.###.######
#.#.#.#........#
####.#.#>.......@.#
#....#.#.........O#
#..#.......###...
#.#...####.. ....
#.#...####### .....
#.#.........# .....
#.#~♣.~.♣~≈.# #.!.
....~..♣.♣~~.♣# ..#
.##.≈~~.≈.♣.#.#


You could see an ogre.

Vanquished Creatures
  Sigmund (D:3)
  A howler monkey (D:3)
  Jessica (D:3)
  5 adders
  3 worms (D:3)
  3 bats
  5 endoplasms
  A giant cockroach (D:3)
  2 goblins
  2 hobgoblins (D:3)
  6 jackals
  2 quokkas (D:3)
  11 ball pythons
  A frilled lizard (D:2)
  2 kobolds
  A rat (D:4)
47 creatures vanquished.

Vanquished Creatures (collateral kills)
  2 bats (D:2)
  A rat (D:3)
3 creatures vanquished.

Grand Total: 50 creatures vanquished

Notes
Turn   | Place    | Note
-------+----------+-------------------------------------------
     0 | D:1      | gruber the Deep Elf Necromancer began the quest for the
                  | Orb.
     0 | D:1      | Reached XP level 1. HP: 10/10 MP: 6/6
    81 | D:1      | Found Omunuah's Antique Weapon Shoppe.
    86 | D:1      | Reached skill level 5 in Necromancy
   203 | D:1      | Found a faded altar of an unknown god.
   292 | D:1      | Reached XP level 2. HP: 15/15 MP: 5/8
   746 | D:2      | Reached XP level 3. HP: 16/19 MP: 1/9
   938 | D:2      | Reached skill level 6 in Necromancy
  1463 | D:3      | Reached XP level 4. HP: 24/24 MP: 4/11
  2186 | D:3      | Noticed Sigmund
  2202 | D:3      | Killed Sigmund
  2203 | D:3      | Reached skill level 5 in Spellcasting
  2203 | D:3      | Reached skill level 7 in Necromancy
  2203 | D:3      | Reached XP level 5. HP: 19/28 MP: 3/14
  2203 | D:3      | Reached XP level 6. HP: 21/32 MP: 3/15
  2319 | D:3      | Noticed Jessica
  2329 | D:3      | Killed Jessica
  2330 | D:3      | Reached skill level 8 in Necromancy
  2505 | D:3      | Found Tywecic's Antique Armour Boutique.
  2691 | D:4      | Slain by an ogre

Illustrated notes

Levels and vault maps discovered:
D:1:      dpeg_arrival_orchard, layout_basic, serial_shops, shop,
          nicolae_ecumenical_snake_handling
D:2:      layout_loops_ring, minmay_tromino_v4_b
D:3:      layout_basic, serial_shops, nicolae_shop_overgrown_old_shop,
          ebering_dispersal_statue_hall, uniq_sigmund, uniq_jessica
D:4:      layout_basic, chequers_serial_rivers_marsh, minmay_checkerbox

Skill      XL: |  1  2  3  4  5  6 |
---------------+-------------------+-----
Necromancy     | 5 6 7 8 |  8.0
Spellcasting   | 5 |  5.4
Dodging        | |  2.4
Stealth        | |  2.4

Action                   |  1- 3 |  4- 6 || total
-------------------------+-------+-------++-------
Melee: Unarmed           |     1 |       ||     1
 Cast: Necrotise         |    55 |    63 ||   118
Armor: Robe              |     2 |     1 ||     3
Dodge: Dodged            |    14 |    19 ||    33

Table legend: (Time is in decaauts)
 A = Elapsed time spent in this place.
 B = Non-inter-level travel time spent in this place.
 C = Inter-level travel time spent in this place.
 D = Time resting spent in this place.
 E = Time spent auto-exploring this place.
 F = Levels seen in this place.
 G = Mean time per level.
                   A        B        C        D        E       F      G
               +--------+--------+--------+--------+--------+-----+--------+
         Total |   2690 |   2612 |     78 |      0 |   2337 |   4 |  672.5 |
       Dungeon |   2690 |   2612 |     78 |      0 |   2337 |   4 |  672.5 |
               +--------+--------+--------+--------+--------+-----+--------+

Top non-repeatable levels by time:
     D:3: 1141 daAuts
     D:2: 896 daAuts
     D:1: 524 daAuts
     D:4: 128 daAuts
